Map: Ulrena

Players

DEVILinBLACK

  • Race: Protoss Protoss
  • League: Bronze

WildCatBrown - Winner!

  • Race: Protoss Protoss
  • League: Bronze

VOD

Have the link to the VOD?

Description

Time

  • Played on: Dec. 20, 2015, 9:51 a.m.
  • Length: 8:33
Show
View Real Time Build Order
Export as new Build Order

DEVILinBLACK Protoss 

Build Orders:  

Get SALT Encoding   

  12  0:02  Probe (Chrono Boost)  
  13  0:12  Probe (Chrono Boost)  
  14  0:18  Pylon  
  14  0:23  Probe (Chrono Boost)  
  15  0:37  Gateway  
  15  0:39  Probe (Chrono Boost)  
  16  0:45  Assimilator  
  16  0:49  Probe (Chrono Boost)  
  17  1:04  Gateway  
  17  1:05  Probe (Chrono Boost)  
  18  1:15  Probe (Chrono Boost)  
  18  1:17  Pylon  
  19  1:28  Zealot  
  21  1:38  Assimilator  
  21  1:52  Zealot  
  23  2:18  Zealot (Chrono Boost)  
  25  2:30  Cybernetics Core  
  25  2:32  Nexus  
  25  2:34  Pylon  
  25  2:43  Zealot (Chrono Boost)  
  29  2:51  Zealot (Chrono Boost)  
  29  3:00  Pylon  
  29  3:10  Forge  
  29  3:18  Stalker (Chrono Boost)  
  31  3:35  Gateway  
  31  3:38  Warp Gate (Chrono Boost)  
  31  3:41  Stalker  
  31  3:44  Protoss Shields Level 1  
  31  3:46  Probe  
  34  4:00  Probe  
  35  4:03  Stalker  
  35  4:06  Probe  
  38  4:17  Probe  
  39  4:27  Probe  
  40  4:33  Stargate  
  40  4:35  Stalker  
  42  4:40  Probe  
  43  4:50  Assimilator  
  43  4:51  Probe  
  44  4:57  Zealot  
  46  5:01  Probe  
  47  5:07  Zealot  
  47  5:12  Probe  
  53  5:22  Probe  
  53  5:24  Zealot  
  53  5:26  Void Ray  
  57  5:33  Probe x2  
  57  5:35  Zealot  
  61  5:44  Probe  
  62  5:52  Pylon  
  62  5:55  Protoss Air Armor Level 1 (Chrono Boost)  
  62  5:56  Pylon  
  62  6:00  Protoss Ground Armor Level 1 (Chrono Boost)  
  62  6:10  Probe, Zealot x2  
  67  6:22  Probe  
  68  6:27  Assimilator  
  68  6:31  Gateway  
  68  6:34  Probe, Pylon  
  68  6:39  Gateway  
  69  6:42  Gateway  
  69  7:01  Photon Cannon  
  69  7:04  Photon Cannon  
  69  7:07  Probe, Photon Cannon  
  69  7:08  Photon Cannon  
  63  7:19  Probe  
  56  7:24  Photon Cannon  
  56  7:31  Probe  
  51  8:00  Robotics Facility  
  51  8:01  Robotics Facility  
Show
View Real Time Build Order
Export as new Build Order

WildCatBrown Protoss - Winner!

Build Orders: 1 Gate Expand 

Get SALT Encoding   

  12  0:01  Probe (Chrono Boost)  
  13  0:11  Probe (Chrono Boost)  
  14  0:22  Probe (Chrono Boost)  
  14  0:23  Pylon  
  15  0:37  Assimilator  
  15  0:41  Probe (Chrono Boost)  
  16  0:47  Gateway  
  16  0:52  Probe (Chrono Boost)  
  17  1:02  Probe (Chrono Boost)  
  18  1:13  Probe (Chrono Boost)  
  19  1:26  Nexus  
  19  1:29  Probe (Chrono Boost)  
  20  1:40  Cybernetics Core  
  20  1:41  Probe (Chrono Boost)  
  21  1:52  Probe (Chrono Boost)  
  22  1:57  Pylon  
  22  1:58  Assimilator  
  22  2:02  Probe (Chrono Boost)  
  24  2:15  Probe (Chrono Boost)  
  24  2:19  Warp Gate (Chrono Boost)  
  24  2:23  Adept  
  24  2:24  Gateway  
  26  2:34  Gateway  
  26  2:38  Probe (Chrono Boost)  
  27  2:49  Probe (Chrono Boost)  
  28  3:00  Probe (Chrono Boost)  
  28  3:02  Mothership Core (Chrono Boost)  
  28  3:05  Adept  
  33  3:12  Pylon  
  33  3:14  Probe (Chrono Boost)  
  33  3:19  Pylon  
  34  3:24  Probe (Chrono Boost)  
  35  3:37  Gateway  
  35  3:39  Probe  
  36  3:45  Forge  
  36  3:49  Probe  
  37  4:00  Probe, Robotics Facility  
  38  4:10  Probe  
  39  4:18  Protoss Ground Weapons Level 1  
  39  4:19  Stalker x3  
  43  4:29  Probe  
  44  4:34  Assimilator  
  44  4:36  Assimilator  
  44  4:39  Pylon  
  44  4:40  Probe  
  45  4:47  Warp Prism  
  45  4:49  Twilight Council  
  45  4:50  Probe  
  48  4:56  Adept x2  
  52  5:00  Sentry  
  52  5:01  Probe  
  55  5:09  Zealot  
  57  5:22  Stalker x2  
  57  5:23  Probe  
  62  5:33  Probe  
  63  5:42  Zealot x2  
  67  5:44  Probe  
  68  5:53  Dark Shrine  
  68  5:55  Probe  
  69  5:58  Pylon  
  69  6:01  Pylon  
  69  6:02  Observer  
  70  6:12  Protoss Ground Armor Level 1  
  70  6:14  Probe  
  71  6:21  Nexus  
  71  6:25  Pylon  
  71  6:27  Pylon  
  71  6:28  Charge  
  71  6:32  Assimilator  
  71  6:34  Assimilator  
  71  6:38  Stalker x2  
  75  7:06  Dark Templar x2  
  75  7:07  Dark Templar  
  81  7:17  Dark Templar  
  85  7:37  Warp Prism  
Tags
 
Add a new tag
Caveats
  • Supply blocks, unpowered buildings, or Contaminate may cause inaccurate times.
  • Supply counts are checked every 10 seconds.